 Dungeon Crawl Stone Soup version 0.28-a0-8-g6e044cfa68 (webtiles) character file.

Game seed: 7316648815024663362

44 Sabo the Sneak (level 3, 0/25 HPs)
             Began as an Octopode Brigand on July 25, 2021.
             Was a Believer of Makhleb.
             Slain by a quokka (1 damage)
             ... on level 2 of the Dungeon.
             The game lasted 00:08:20 (1245 turns).

Sabo the Sneak (Octopode Brigand)                   Turns: 1245, Time: 00:08:20

Health: 0/25       AC:  1    Str: 11    XL:     3   Next: 60%
Magic:  3/3        EV: 12    Int: 13    God:    Makhleb [**....]
Gold:   33         SH:  0    Dex: 13    Spells: 2/2 levels left

rFire   . . .      SeeInvis .   a - +2 dagger
rCold   + . .      Faith    .   (no shield)
rNeg    + . .      Spirit   .   (helmet restricted)
rPois   .          Reflect  .   (no amulet)
rElec   .          Harm     .   e - ring of positive energy
rCorr   .          Rampage  .   g - ring of protection from cold
Will    .....                   (no ring)
Stlth   ++++......              (no ring)
HPRegen 0.08/turn               (no ring)
MPRegen 0.08/turn               (no ring)
                                (no ring)
                                (no ring)

@: no status effects
A: almost no armour, amphibious, 8 rings, camouflage 1, gelatinous body 1,
(nimble swimmer 1), tentacles
a: Renounce Religion, Minor Destruction


You were on level 2 of the Dungeon.
You worshipped Makhleb.
Makhleb was pleased with you.
You visited 1 branch of the dungeon, and saw 2 of its levels.

You collected 33 gold pieces.

Inventory:

Hand Weapons
 a - a +2 dagger (weapon)
Missiles
 b - 31 poisoned darts (quivered)
 c - 2 curare-tipped darts
 i - 16 arrows
Jewellery
 e - a ring of positive energy (left tentacle)
 g - a ring of protection from cold (right tentacle)
Wands
 h - a wand of paralysis (11)
Scrolls
 d - a scroll of teleportation
 f - a scroll of blinking
Potions
 k - a potion of curing {unknown}


   Skills:
 + Level 2.4 Fighting
 + Level 2.2 Short Blades
 + Level 2.0 Throwing
 + Level 1.0 Dodging
 + Level 6.5 Stealth


You had 2 spell levels left.
You didn't know any spells.
Your spell library contained the following spells:

 Spells                   Type           Power      Damage    Failure   Level
 Sting                    Tmut/Pois      0%         1d3       30%         1


Dungeon Overview and Level Annotations

Branches:
Dungeon (2/15)

Altars:
Makhleb


Innate Abilities, Weirdness & Mutations

You cannot wear most types of armour.
You are amphibious.
You can wear up to eight rings at the same time.
Your skin changes colour to match your surroundings (Stealth+).
Your rubbery body absorbs attacks. (AC +1, EV +1)
((You are camouflaged near water. (Stealth+)))
You have tentacles for arms and can constrict up to eight enemies at once.


Message History

You hit the endoplasm.
The endoplasm is heavily wounded.
The endoplasm closely misses you.
You hit the endoplasm. You squeeze the endoplasm.
You kill the endoplasm!
Makhleb accepts your kill.
A quokka comes into view.
The kobold shouts!
The kobold throws a stone.
The stone hits you.
You barely miss the kobold.
The goblin shouts!
Your grab misses the kobold.
The kobold hits you with a +0 short sword.
You hit the kobold but do no damage. Your grab misses the kobold.
Your squeeze misses the kobold.
The kobold hits you with a +0 short sword.
You barely miss the kobold. Your grab misses the kobold. The quokka misses you.
The kobold barely misses you.
You hit the kobold.
You kill the kobold!
Makhleb accepts your kill.
You feel better. The quokka closely misses you.
The goblin hits you with a +0 dagger. The quokka bites you.
The goblin hits you with a +0 dagger. The quokka bites you.
Things that are here:
a +0 short sword; 18 stones The goblin hits you with a +0 dagger.
The quokka closely misses you. The goblin hits you with a +0 dagger.
* * * LOW HITPOINT WARNING * * *
You hit the goblin.
You kill the goblin!
Makhleb accepts your kill.
The quokka bites you but does no damage.
The quokka bites you.
* * * LOW HITPOINT WARNING * * *
Things that are here:
a +0 dagger; a goblin corpse You hit the quokka but do no damage.
Your grab misses the quokka. The quokka bites you.
You die...

#... #[.. ########## #...
##########........####..[
........................
#...............####...
#...............# ##..
#.......!.......# ##.
#.....@.........# #.
#....r)..######## #.
#........# ## #........#
# #........# # ##########
#


You could see a quokka.

Vanquished Creatures
  An adder (D:2)
  A dart slug (D:1)
  2 bats (D:1)
  5 endoplasms
  A giant cockroach (D:1)
  4 goblins
  A hobgoblin (D:1)
  3 jackals (D:1)
  3 ball pythons
  2 frilled lizards (D:1)
  4 kobolds
  4 rats
31 creatures vanquished.

Notes
Turn   | Place    | Note
-------+----------+-------------------------------------------
     0 | D:1      | Sabo the Octopode Brigand began the quest for the Orb.
     0 | D:1      | Reached XP level 1. HP: 14/14 MP: 1/1
    23 | D:1      | Found a faded altar of an unknown god.
    31 | D:1      | Got Plato's Volume of Intoxication
    34 | D:1      | Became a worshipper of Makhleb the Destroyer
    34 | D:1      | Reached * piety under Makhleb
   114 | D:1      | Reached XP level 2. HP: 19/19 MP: 2/2
   609 | D:1      | Reached skill level 6 in Stealth
   774 | D:1      | Reached XP level 3. HP: 23/25 MP: 3/3
   822 | D:1      | Reached ** piety under Makhleb
  1244 | D:2      | HP: 1/25 [quokka (4)]
  1245 | D:2      | Slain by a quokka

Illustrated notes

Levels and vault maps discovered:
D:1:      psy_arrival_spokes, layout_loops_ring,
          shapermc_ecumenical_altar_rom_forum
D:2:      layout_basic

Skill      XL: |  1  2 |
---------------+-------+-----
Stealth        | 6 |  6.5
Fighting       | |  2.4
Short Blades   | |  2.2
Throwing       | |  2.0
Dodging        | |  1.0

Action                   || total
-------------------------++-------
Melee: Dagger            ||    45
       Constrict         ||     8
       Tentacles         ||     7
Throw: Dart              ||     1
  Use: Scroll            ||     3
 Stab: Sleeping          ||    16
Armor: Skin              ||     2
Dodge: Dodged            ||    14

Table legend: (Time is in decaauts)
 A = Elapsed time spent in this place.
 B = Non-inter-level travel time spent in this place.
 C = Inter-level travel time spent in this place.
 D = Time resting spent in this place.
 E = Time spent auto-exploring this place.
 F = Levels seen in this place.
 G = Mean time per level.
                   A        B        C        D        E       F      G
               +--------+--------+--------+--------+--------+-----+--------+
         Total |   1237 |   1237 |      0 |     82 |      0 |   2 |  618.5 |
       Dungeon |   1237 |   1237 |      0 |     82 |      0 |   2 |  618.5 |
               +--------+--------+--------+--------+--------+-----+--------+

Top non-repeatable levels by time:
     D:1: 1007 daAuts
     D:2: 230 daAuts
